 Dungeon Crawl Stone Soup version 0.26.1-2-gb8aa6d0cf2 (webtiles) character file.

Game seed: 5584069842313782162

177 Gabide the Slasher (level 5, 0/42 HPs)
             Began as a Barachi Fighter on Feb 12, 2021.
             Was an Initiate of Ru.
             Killed from afar by an orc wizard (6 damage)
             ... with a puff of frost
             ... on level 4 of the Dungeon.
             The game lasted 00:07:44 (3099 turns).

Gabide the Slasher (Barachi Fighter)                Turns: 3099, Time: 00:07:45

Health: 0/42       AC:  7    Str: 18    XL:     5   Next: 57%
Magic:  14/14      EV:  7    Int:  8    God:    Ru [......]
Gold:   155        SH:  9    Dex: 12    Spells: 4/4 levels left

rFire    x x .     SeeInvis .   a - +0 long sword
rCold    . . .     Faith    .   c - +0 kite shield
rNeg     . . .     Spirit   .   b - +0 scale mail
rPois    .         Reflect  .   (no helmet)
rElec    .         Harm     .   (no cloak)
rCorr    .         Rampage  .   (no gloves)
Will     .....                  (no boots)
Stlth    ..........             (no amulet)
HPRegen  0.14/turn              h - ring of magical power
MPRegen  0.14/turn              q - ring of flight

@: slow
A: +LOS, swims, slowness 1, [heat vulnerability 2], strong legs 1
a: Hop, Renounce Religion, Evoke Flight


You were on level 4 of the Dungeon.
You worshipped Ru.
Ru was noncommittal.
You visited 2 branches of the dungeon, and saw 5 of its levels.

You collected 155 gold pieces.

Inventory:

Hand Weapons
 a - a +0 long sword (weapon)
Armour
 b - a +0 scale mail (worn)
 c - a +0 kite shield (worn)
Jewellery
 h - a ring of magical power (left hand)
 q - a ring of flight (right hand)
Scrolls
 e - 3 scrolls of teleportation
 l - 10 scrolls of remove curse
 o - a scroll of noise {unknown}
 p - a scroll of blinking {unknown}
Potions
 d - 3 potions of might
 f - 2 potions of curing
 g - a potion of invisibility
 i - a potion of flight {unknown}
 j - a potion of heal wounds {unknown}
 k - 2 potions of attraction {unknown}
 m - a potion of degeneration {unknown}
 n - a potion of lignification {unknown}
 r - a potion of brilliance {unknown}


   Skills:
 + Level 4.2 Fighting
 * Level 4.8 Long Blades
 + Level 4.4 Armour
 + Level 0.4 Dodging
 + Level 4.3 Shields


You had 4 spell levels left.
You didn't know any spells.
Your spell library was empty.

Dungeon Overview and Level Annotations

Branches:
Dungeon (4/15)             Temple (1/1) D:4

Altars:
Cheibriados
Fedhas
Hepliaklqana
Nemelex Xobeh
Okawaru
Qazlal
Ru
Wu Jian
Zin


Innate Abilities, Weirdness & Mutations

You can be seen from farther away. (+LOS)
You can swim through water.
You cover ground slowly.
You can hop short distances.
[You are very vulnerable to heat. (rF--)]


Message History

You hear some strange, mumbled words.
A magic dart appears from out of thin air!
The magic dart hits you. The orc priest barely misses you.
Something hits you but does no damage. The orc priest barely misses you.
You closely miss the orc priest.
The orc priest is severely wounded.
Something hits you but does no damage. You block the orc priest's attack.
You hit the orc priest but do no damage.
The orc priest is severely wounded.
Something hits you.
* * * LOW HITPOINT WARNING * * *
The orc priest looks braver for a moment.
You block the orc priest's attack. Something hits you.
* * * LOW HITPOINT WARNING * * *
You miss something.
You hear some strange, mumbled words.
A puff of frost appears from out of thin air!
The puff of frost hits you.
You die...

.....#
........#.#
#.#.# #.#
.....#
###..#...#.#
#.#.# .....#
##.# ..#.#
#.#.# .....#
...#.#.#
#.#.# .....#
#..#.#.#
#.#.# '#####
#..#.#.#
#.#.# .#
#.#.#.# #.#.#
.###########
#?$.#.###.#.#
............
#..@........#
...........#
##o{#.###.###
...........#
##)[...#.#
...........#
#.#...#.#
...........#
#.#####.#
...........#
#.# ..#
...........#
#.. ###
..†.........
#..
..#'###+###.
+..


You could see an orc priest.

Vanquished Creatures
  A bullfrog skeleton (D:4)
  4 adders
  2 oozes (D:1)
  4 worms
  3 dart slugs
  5 leopard geckos
  3 orcs
  3 giant cockroaches
  7 hobgoblins
  5 jackals
  A quokka (D:2)
  A ball python (D:2)
  6 bats
  17 frilled lizards
  9 goblins
  5 kobolds
  A quokka skeleton (D:4)
  6 rats
83 creatures vanquished.

Notes
Turn   | Place    | Note
-------+----------+-------------------------------------------
     0 | D:1      | Gabide the Barachi Fighter began the quest for the Orb.
     0 | D:1      | Reached XP level 1. HP: 18/18 MP: 1/1
   358 | D:1      | Reached XP level 2. HP: 21/25 MP: 2/2
   682 | D:1      | Reached XP level 3. HP: 25/30 MP: 3/3
  1517 | D:2      | Reached XP level 4. HP: 37/37 MP: 4/4
  2387 | D:3      | Found a faded altar of an unknown god.
  2394 | D:3      | Reached XP level 5. HP: 42/42 MP: 5/5
  2401 | D:3      | Became a worshipper of Qazlal Stormbringer
  2401 | D:3      | Reached * piety under Qazlal
  2402 | D:3      | Fell from the grace of Qazlal
  2884 | D:4      | Found a staircase to the Ecumenical Temple.
  2908 | Temple   | Entered the Ecumenical Temple
  2922 | Temple   | Became a worshipper of Ru the Awakened
  3099 | D:4      | Killed from afar by an orc wizard

Illustrated notes

Levels and vault maps discovered:
D:1:      dpeg_arrival_brainrot, layout_basic, minmay_lizard_pond
D:2:      layout_basic
D:3:      layout_basic, chequers_ecumenical_altar_simple_redux
D:4:      layout_basic, minmay_temple_entry_butterflies
Temple:   dshaligram_water_room_temple

Skill      XL: |  1  2  3  4 |
---------------+-------------+-----
Armour         | 4 |  4.4
Shields        | 4 |  4.3
Long Blades    | 3 4 |  4.8
Fighting       | 4 |  4.2
Dodging        | |  0.4

Action                   |  1- 3 |  4- 6 || total
-------------------------+-------+-------++-------
Melee: Long sword        |   140 |   122 ||   262
Invok: Renounce Religion |       |     1 ||     1
 Abil: Hop               |     2 |       ||     2
  Use: Scroll            |     5 |     2 ||     7
Armor: Scale mail        |    68 |    53 ||   121
Dodge: Dodged            |    62 |    42 ||   104
Block: Kite shield       |    86 |    76 ||   162
       Rpst.: Long sword |    16 |    13 ||    29
